Map: Thunderbird LE

Players

Namshar - Winner!

  • Race: Zerg Zerg
  • Spawn Location: 5:00

Nerchio

  • Race: Zerg Zerg
  • Spawn Location: 11:00

Event: 2019 WCS Summer

VOD

Have the link to the VOD?

Description

Time

  • Played on: July 12, 2019, 9:17 a.m.
  • Length: 10:33

All games in this series

Show
View Real Time Build Order
Export as new Build Order

Namshar Zerg - Winner!

Build Orders: Hatch First 

Get SALT Encoding   

  12  0:00  Drone  
  13  0:12  Overlord  
  13  0:18  Drone  
  14  0:30  Drone  
  14  0:31  Drone  
  16  0:47  Hatchery  
  15  0:51  Drone  
  15  0:54  Drone  
  17  1:08  Spawning Pool  
  17  1:10  Extractor  
  15  1:13  Drone  
  15  1:16  Drone  
  17  1:20  Drone  
  18  1:28  Drone  
  19  1:38  Drone  
  20  1:49  Overlord  
  20  1:54  Queen  
  20  1:59  Queen  
  20  2:00  Drone x2  
  26  2:09  Metabolic Boost  
  26  2:10  Drone  
  26  2:11  Drone  
  28  2:21  Drone x2  
  30  2:32  Zergling x2, Drone  
  32  2:38  Hatchery  
  32  2:42  Drone  
  32  2:43  Drone  
  33  2:49  Baneling Nest  
  32  2:53  Overlord  
  32  2:59  Drone  
  32  3:05  Drone  
  34  3:07  Zergling x4  
  34  3:12  Drone x3  
  39  3:14  Queen  
  39  3:17  Overlord  
  41  3:24  Drone  
  41  3:26  Zergling x2  
  43  3:28  Drone  
  43  3:32  Baneling x2  
  43  3:35  Drone  
  43  3:36  Drone x3  
  43  3:38  Evolution Chamber  
  43  3:40  Drone x2  
  48  3:43  Zergling x2  
  48  3:44  Drone  
  48  3:47  Drone  
  51  3:53  Overlord  
  51  3:54  Drone  
  51  3:55  Drone  
  53  3:59  Drone  
  54  4:03  Zerg Missile Weapons Level 1  
  54  4:07  Drone, Overlord  
  54  4:08  Drone  
  56  4:12  Drone x4  
  56  4:15  Extractor  
  56  4:16  Extractor  
  58  4:19  Drone, Lair  
  58  4:20  Drone  
  60  4:28  Drone  
  60  4:29  Drone x5  
  65  4:31  Roach Warren  
  65  4:32  Drone x2  
  66  4:42  Extractor, Overlord  
  66  4:43  Drone x5, Extractor  
  69  4:48  Pneumatized Carapace  
  69  4:50  Overlord x2  
  69  4:53  Drone  
  70  5:00  Drone, Extractor  
  70  5:01  Drone x2  
  70  5:02  Drone, Overlord  
  70  5:05  Drone x2  
  75  5:07  Overlord  
  75  5:10  Evolution Chamber  
  75  5:12  Overlord  
  74  5:16  Overseer  
  74  5:22  Overlord  
  74  5:23  Roach x6  
  74  5:24  Glial Reconstitution  
  74  5:28  Roach x2  
  90  5:30  Overlord  
  90  5:33  Overlord  
  90  5:37  Roach x2  
  94  5:46  Overlord  
  94  5:48  Zerg Ground Armor Level 1  
  94  5:49  Overlord  
  94  5:50  Hatchery  
  93  6:05  Overlord  
  93  6:06  Zerg Missile Weapons Level 2  
  93  6:07  Roach x6  
  93  6:09  Drone  
  106  6:13  Baneling  
  106  6:14  Baneling x2  
  106  6:24  Roach x8  
  122  6:26  Ravager x2  
  124  6:35  Queen  
  124  6:38  Drone x4  
  130  6:41  Roach  
  130  6:42  Roach x5  
  130  6:45  Ravager x2  
  144  6:50  Overseer  
  144  6:58  Roach x6  
  144  7:00  Overlord  
  156  7:12  Drone  
  156  7:13  Infestation Pit  
  156  7:14  Roach x7  
  168  7:25  Roach x7  
  182  7:33  Overlord  
  182  7:34  Overlord x2  
  182  7:39  Overlord x2  
  176  7:49  Roach x8  
  164  7:56  Roach x6  
  155  8:03  Drone  
  155  8:04  Drone  
  155  8:05  Drone  
  156  8:12  Roach x10  
  176  8:17  Ravager  
  177  8:23  Roach x5  
  187  8:29  Roach  
  187  8:30  Roach  
  191  8:35  Roach x4  
  191  8:39  Extractor  
  191  8:40  Extractor  
  197  8:43  Hive  
  197  8:44  Drone x3  
  198  9:11  Drone x2  
  194  9:19  Roach x7  
  194  9:20  Roach x2  
  181  9:25  Roach x10  
  187  9:32  Roach x6  
  189  9:39  Roach x5  
  197  9:48  Roach x2  
  191  9:53  Roach  
  191  9:54  Roach x5  
  191  9:56  Roach x3  
  189  10:01  Roach  
  189  10:08  Roach x3  
  189  10:10  Ravager  
  189  10:11  Ravager  
  189  10:12  Ravager x2  
  199  10:15  Ravager  
  199  10:20  Hatchery  
  199  10:23  Hydralisk Den  
Show
View Real Time Build Order
Export as new Build Order

Nerchio Zerg 

Build Orders: Hatch First 

Get SALT Encoding   

  12  0:00  Drone  
  13  0:12  Overlord  
  13  0:16  Drone  
  14  0:30  Drone x2  
  16  0:47  Hatchery  
  15  0:51  Drone  
  15  0:54  Drone  
  17  0:58  Drone  
  18  1:09  Extractor  
  17  1:13  Spawning Pool  
  17  1:17  Drone  
  17  1:20  Drone  
  18  1:28  Drone  
  19  1:38  Drone  
  20  1:49  Overlord  
  20  2:00  Queen x2  
  25  2:01  Drone x2  
  25  2:08  Metabolic Boost  
  26  2:11  Drone  
  26  2:13  Drone  
  28  2:22  Drone x2  
  30  2:34  Hatchery  
  29  2:37  Drone  
  29  2:38  Drone  
  31  2:44  Baneling Nest  
  31  2:46  Zergling x2  
  31  2:48  Zergling x2  
  32  2:55  Overlord  
  32  2:59  Queen  
  32  3:02  Drone  
  32  3:04  Drone  
  36  3:11  Evolution Chamber  
  35  3:13  Drone x3  
  35  3:15  Drone  
  35  3:19  Drone  
  40  3:22  Drone  
  40  3:23  Drone  
  40  3:27  Overlord  
  42  3:29  Zergling x2  
  42  3:33  Drone  
  44  3:36  Zerg Missile Weapons Level 1  
  44  3:43  Overlord  
  44  3:45  Drone  
  44  3:46  Drone x3  
  44  3:47  Drone  
  49  3:49  Drone  
  50  3:57  Drone x3  
  53  4:06  Lair  
  53  4:08  Drone  
  53  4:09  Drone x4, Extractor  
  57  4:10  Drone  
  58  4:18  Drone x2, Overlord  
  58  4:19  Drone  
  58  4:23  Roach Warren  
  58  4:24  Drone x2  
  62  4:25  Drone  
  62  4:27  Extractor  
  62  4:29  Drone x2  
  64  4:33  Overlord  
  64  4:34  Drone  
  64  4:36  Extractor  
  63  4:39  Drone x2  
  63  4:40  Drone x2  
  63  4:43  Extractor  
  63  4:44  Extractor  
  66  4:45  Drone x2  
  66  4:50  Drone x2, Overlord  
  66  4:52  Drone  
  70  4:58  Drone x2  
  72  5:03  Overlord  
  72  5:04  Glial Reconstitution  
  72  5:07  Overseer  
  72  5:12  Drone  
  72  5:13  Drone  
  72  5:14  Drone  
  75  5:15  Roach  
  75  5:16  Roach x4  
  85  5:25  Evolution Chamber  
  84  5:30  Zerg Missile Weapons Level 2  
  84  5:31  Pneumatized Carapace  
  84  5:33  Hatchery  
  84  5:35  Drone x4  
  87  5:36  Overlord x2  
  87  5:38  Overlord  
  87  5:44  Roach x3  
  87  5:45  Overlord  
  93  5:50  Roach x2  
  93  5:52  Zerg Ground Armor Level 1  
  93  5:56  Roach x2  
  101  6:02  Roach x4  
  109  6:07  Hydralisk Den  
  109  6:09  Roach x3  
  114  6:19  Roach x6  
  114  6:25  Overlord x3  
  126  6:27  Overlord  
  126  6:35  Drone x3  
  129  6:41  Extractor  
  129  6:46  Grooved Spines  
  128  6:50  Roach  
  128  6:51  Infestation Pit, Roach x7  
  143  7:04  Hydralisk x8  
  159  7:14  Overlord x2  
  159  7:21  Drone x3  
  154  7:25  Roach x2  
  154  7:26  Roach x3  
  154  7:27  Overlord  
  164  7:37  Roach x4  
  164  7:38  Roach  
  164  7:44  Roach x2  
  172  7:45  Roach  
  172  7:47  Roach  
  172  7:50  Roach  
  154  7:54  Roach  
  154  7:55  Roach  
  154  7:57  Roach  
  150  8:04  Drone x3  
  151  8:10  Roach x2  
  155  8:16  Roach  
  155  8:17  Roach x2  
  161  8:20  Ravager  
  161  8:21  Ravager  
  161  8:23  Hydralisk x2  
  167  8:29  Hydralisk  
  167  8:30  Hydralisk x2  
  173  8:35  Overlord x2  
  173  8:43  Roach  
  173  8:44  Roach x3  
  173  8:46  Overseer  
  181  8:52  Overseer  
  181  8:53  Roach x4  
  187  9:07  Roach  
  187  9:08  Roach x5  
  189  9:18  Roach x6  
  189  9:21  Roach  
  189  9:22  Roach x2  
  162  9:24  Roach  
  162  9:26  Roach  
  162  9:29  Roach, Swarm Host  
  143  9:33  Roach  
  143  9:35  Roach  
  132  9:39  Drone x3  
  132  9:42  Drone  
  132  9:43  Drone  
  133  9:48  Drone x3  
  133  9:51  Roach  
  126  9:53  Roach  
  126  9:55  Roach  
  126  9:59  Roach  
  112  10:02  Roach x2  
  112  10:04  Roach  
  112  10:07  Roach  
  118  10:13  Roach x5  
  128  10:15  Ravager  
  128  10:16  Ravager  
Tags
 
Add a new tag
Caveats
  • Supply blocks, unpowered buildings, or Contaminate may cause inaccurate times.
  • Supply counts are checked every 10 seconds.